AoeStats
← Joaquito

Fortress

507093331Analyzed
4v4 RM · 16d ago on Sep 16, 2026· 73m 38s· 8 players
Game mode
Random Map
Map size
Huge
Population
200
Speed
Normal
Resources
Standard
Victory
Conquest
Starting age
Dark Age
Ending age
Imperial Age
RankedLock teamsTeams togetherTeam positionsShared explorationLock speedFull tech treeHidden civsTurbo modeCheats
Victory
Defeat
🇨🇱 Wu · Chile
1118
+9
🇨🇱 Turks · Chile
1033
+12
🇨🇱 Goths · Chile
1013
+13
🇨🇱 Vietnamese · Chile
997
+14
🇨🇿 Japanese · Czechia
977
-13
🇫🇷 Franks · France
969
-13
🇩🇪 Goths · Germany
943
-12
🇫🇷 Gurjaras · France
897
-10
Eyeskillyou
5:40 Loom
8:21 Feudal Age
8:10 Loom
10:40 Double-Bit Axe
14:06 Castle Age
13:02 Gold Mining
13:29 Scale Barding Armor
15:24 Husbandry
24:58 Wheelbarrow
24:09 Town Watch
25:11 Forging
28:58 Hand Cart
29:49 Bow Saw
30:18 Gold Shaft Mining
33:28 Imperial Age
31:27 Chain Barding Armor
31:44 Iron Casting
35:05 Plate Barding Armor
33:53 Cavalier
35:45 Conscription
38:39 Blast Furnace
46:06 Chivalry
46:45 Hoardings
47:08 Caravan
47:17 Paladin
58:04 Light Cavalry
DESTINNI
7:23 Feudal Age
7:51 Double-Bit Axe
7:47 Horse Collar
12:39 Castle Age
11:22 Gold Mining
13:23 Loom
17:21 Scale Mail Armor
18:04 Forging
23:10 Imperial Age
21:16 Wheelbarrow
22:01 Fervor
22:32 Chain Mail Armor
25:14 Iron Casting
25:23 Plate Mail Armor
27:17 Town Watch
28:10 Hand Cart
27:59 Squires
27:45 Arson
29:01 Blast Furnace
28:24 Conscription
28:33 Bow Saw
28:24 Heavy Plow
28:15 Stone Mining
29:59 Elite Samurai
32:05 Fletching
33:44 Gold Shaft Mining
34:10 Two-Man Saw
33:22 Pikeman
34:39 Halberdier
35:10 Arrowslits
39:34 Kataparuto
39:12 Guard Tower
40:20 Bodkin Arrow
41:13 Keep
40:43 Yasama
43:50 Bracer
43:54 Treadmill Crane
44:57 Devotion
47:25 Chemistry
47:23 Gambesons
46:59 Man-at-Arms
47:40 Padded Archer Armor
50:50 Caravan
53:29 Padded Archer Armor
53:50 Ballistics
53:41 Masonry
53:36 Siege Engineers
53:46 Thumb Ring
53:02 Elite Skirmisher
56:11 Leather Archer Armor
56:49 Murder Holes
57:05 Fortified Wall
58:44 Hoardings
58:16 Long Swordsman
60:54 Ring Archer Armor
60:28 Two-Handed Swordsman
68:01 Coinage
70:09 Champion
Medienopfer82
8:37 Feudal Age
9:13 Double-Bit Axe
11:02 Wheelbarrow
14:07 Castle Age
13:20 Gold Mining
13:22 Stone Mining
15:08 Bow Saw
15:19 Horse Collar
18:47 Hand Cart
21:45 Pikeman
22:55 Forging
22:36 Fletching
25:20 Anarchy
26:52 Squires
28:23 Scale Mail Armor
28:59 Iron Casting
34:54 Imperial Age
35:31 Padded Archer Armor
35:27 Bodkin Arrow
34:58 Elite Skirmisher
36:53 Leather Archer Armor
48:35 Halberdier
49:35 Chain Mail Armor
50:17 Town Watch
Xswan8
8:02 Feudal Age
9:02 Double-Bit Axe
14:15 Castle Age
13:41 Stone Mining
14:01 Scale Barding Armor
14:07 Forging
14:10 Horse Collar
15:24 Heavy Plow
16:28 Bloodlines
16:20 Husbandry
23:41 Wheelbarrow
25:07 Chain Barding Armor
27:35 Hand Cart
33:07 Imperial Age
32:26 Gold Mining
34:40 Iron Casting
34:06 Scale Mail Armor
34:07 Padded Archer Armor
36:02 Gold Shaft Mining
36:04 Stone Shaft Mining
35:53 Conscription
36:01 Ballistics
39:17 Chemistry
38:55 Heavy Camel Rider
40:54 Plate Barding Armor
41:21 Elite Chakram Thrower
43:26 Kshatriyas
45:21 Frontier Guards
54:29 Onager
56:34 Caravan
58:49 Bow Saw
59:18 Heated Shot
Drookns
9:06 Feudal Age
12:51 Castle Age
10:53 Double-Bit Axe
16:28 Imperial Age
14:00 Horse Collar
15:43 Padded Archer Armor
17:35 Caravan
21:03 Loom
24:52 Town Watch
25:45 Wheelbarrow
39:44 Leather Archer Armor
43:10 Conscription
43:38 Ring Archer Armor
46:52 Hand Cart
46:37 Town Patrol
Arzzeus
7:52 Feudal Age
8:24 Double-Bit Axe
8:20 Horse Collar
12:02 Castle Age
11:10 Stone Mining
13:53 Bow Saw
25:16 Heavy Plow
25:57 Wheelbarrow
31:02 Imperial Age
28:42 Gold Mining
29:14 Chatras
32:38 Hand Cart
32:50 Paper Money
31:55 Pikeman
32:37 Squires
32:23 Arson
34:39 Two-Man Saw
33:48 Scale Mail Armor
33:58 Forging
33:42 Halberdier
34:10 Arson
37:04 Sappers
38:12 Hoardings
38:45 Elite Battle Elephant
39:22 Loom
49:19 Stone Shaft Mining
54:42 Scale Barding Armor
55:18 Iron Casting
54:59 Chain Mail Armor
59:13 Caravan
59:49 Cavalier
60:31 Husbandry
60:42 Bloodlines
59:53 Light Cavalry
60:56 Scale Barding Armor
61:22 Plate Mail Armor
60:43 Fletching
60:54 Padded Archer Armor
Marsix
7:21 Feudal Age
8:16 Loom
11:34 Castle Age
9:54 Double-Bit Axe
11:46 Scale Mail Armor
13:29 Horse Collar
21:22 Pikeman
22:59 Forging
26:32 Iron Casting
26:13 Chain Mail Armor
27:09 Wheelbarrow
27:57 Caravan
28:18 Squires
34:41 Imperial Age
32:11 Fletching
32:43 Anarchy
34:46 Halberdier
35:48 Conscription
35:36 Perfusion
37:32 Blast Furnace
41:27 Ballistics
43:43 Bodkin Arrow
47:53 Murder Holes
58:43 Coinage
68:04 Crossbowman
71:41 Chemistry
Joaquito
7:58 Feudal Age
11:38 Castle Age
9:52 Double-Bit Axe
11:37 Scale Mail Armor
11:43 Gold Mining
14:03 Horse Collar
14:51 Arson
17:17 Forging
17:40 Bow Saw
19:39 Iron Casting
21:08 Wheelbarrow
25:38 Imperial Age
24:11 Gold Shaft Mining
23:55 Loom
25:04 Chain Mail Armor
25:11 Town Watch
25:37 Stone Mining
27:02 Heavy Plow
28:15 Squires
30:05 Two-Man Saw
29:56 Plate Mail Armor
31:55 Hand Cart
33:23 Conscription
34:24 Crossbowman
36:25 Ballistics
37:05 Chemistry
37:02 Fletching
37:12 Padded Archer Armor
37:56 Arbalester
38:37 Bodkin Arrow
38:58 Leather Archer Armor
40:15 Town Patrol
42:14 Bracer
43:03 Sitting Tiger
45:59 Blast Furnace
46:14 Masonry
45:44 Treadmill Crane
48:40 Elite Fire Archer
49:21 Sitting Tiger
49:56 Caravan
54:47 Red Cliffs Tactics
58:35 Pikeman
67:21 Elite Skirmisher
70:22 Man-at-Arms
Connection lost

Rejoining the realm…

Still unreachable

The connection could not be restored.

Session expired

The server has moved on; the page needs a fresh start.